[ PARTIDA AOE2 · #493657769 ]
UnrankedWei vs Khitans
Equipo del jugador · VICT
Equipo rival · DERR
[ ANÁLISIS DE REPETICIÓN · EXTRAÍDO DE LA PARTIDA GRABADA ]
Feudal
8:58
Castillos
17:34
Imperial
31:03
| APM promedio | 109.2 |
| APM pico | 217 |
| eAPM promedio | 71.3 |
| Aldeanos / militares | 197 / 270 |
Foco
⚔️ 77.5% · 🌾 22.5%
Scout Cavalry ×258 · Unknown (1952) ×161 · Unknown (1944) ×127 · Unknown (1949) ×34 · Battering Ram ×8 · Monk ×4
Feudal
13:52
Castillos
18:58
Imperial
30:21
| APM promedio | 47.9 |
| APM pico | 102 |
| eAPM promedio | 27.4 |
| Aldeanos / militares | 244 / 1015 |
Foco
⚔️ 60.0% · 🌾 40.0%
Steppe Lancer ×792 · Scout Cavalry ×202 · Trebuchet (Packed) ×10 · Camel Scout ×7 · Militia ×3 · Iron Pagoda ×1
Mapa de la partida
Recursos iniciales + cada clic de construcción. Líneas = muros · curvas = relieve. ◆ oro · ⬟ piedra · ● bayas · ✦ reliquia · ◌ hueco del cierre
Tu base· ✓ Cerrada en 17:34 · 23t muro · 2 puerta(s)
Base de Ustad· ✓ Cerrada en 18:58 · 114t muro · sin puerta
Terreno inicial suavizado · ◌ = hueco del cierre detectado · pasá el cursor para detalles
Inputs por minuto
— VIT | Hera - - Ustad
Build order — VIT | Hera
Primeras 150 de 667 acciones detectadas
| 0:00 | Crear | Villager (Male) |
| 0:01 | Crear | Villager (Male) |
| 0:01 | Construir | House |
| 0:02 | Construir | House |
| 0:04 | Crear | Villager (Male) |
| 0:05 | Crear | Villager (Male) |
| 0:05 | Crear | Villager (Male) |
| 1:24 | Crear | Villager (Male) |
| 1:25 | Crear | Villager (Male) |
| 2:09 | Crear | Villager (Male) |
| 2:09 | Crear | Villager (Male) |
| 2:11 | Crear | Villager (Male) |
| 2:20 | Construir | House |
| 2:40 | Crear | Villager (Male) |
| 2:40 | Crear | Villager (Male) |
| 2:55 | Construir | Lumber Camp |
| 3:19 | Crear | Villager (Male) |
| 3:20 | Crear | Villager (Male) |
| 3:20 | Crear | Villager (Male) |
| 3:53 | Construir | House |
| 3:54 | Construir | House |
| 4:11 | Crear | Villager (Male) |
| 4:28 | Crear | Villager (Male) |
| 5:02 | Crear | Villager (Male) |
| 5:25 | Crear | Villager (Male) |
| 5:42 | Construir | Mill |
| 5:49 | Crear | Villager (Male) |
| 6:21 | Investigar | Loom |
| 6:36 | Construir | Palisade Wall |
| 6:38 | Construir | Palisade Wall |
| 6:44 | Construir | House |
| 6:48 | Investigar | Feudal Age |
| 7:06 | Construir | Palisade Wall |
| 7:12 | Construir | Palisade Wall |
| 8:06 | Construir | Palisade Gate |
| 8:58 | Edad | Edad Feudal |
| 8:59 | Crear | Villager (Male) |
| 9:02 | Investigar | Double-Bit Axe |
| 9:02 | Investigar | Double-Bit Axe |
| 9:02 | Investigar | Horse Collar |
| 9:23 | Construir | Mining Camp |
| 9:23 | Crear | Villager (Male) |
| 9:27 | Construir | Farm |
| 9:42 | Construir | Farm |
| 9:43 | Crear | Villager (Male) |
| 10:03 | Construir | Farm |
| 10:11 | Crear | Villager (Male) |
| 10:13 | Construir | Farm |
| 10:29 | Construir | Farm |
| 10:30 | Crear | Villager (Male) |
| 10:33 | Construir | Farm |
| 10:37 | Construir | Palisade Gate |
| 10:41 | Crear | Villager (Male) |
| 10:58 | Crear | Villager (Male) |
| 11:07 | Construir | Farm |
| 11:08 | Construir | Farm |
| 11:28 | Construir | Farm |
| 11:35 | Construir | Palisade Wall |
| 11:40 | Construir | Farm |
| 11:46 | Crear | Villager (Male) |
| 11:56 | Crear | Villager (Male) |
| 12:00 | Construir | House |
| 12:24 | Investigar | Gold Mining |
| 12:24 | Investigar | Gold Mining |
| 12:37 | Crear | Villager (Male) |
| 13:05 | Construir | House |
| 13:08 | Crear | Villager (Male) |
| 13:30 | Crear | Villager (Male) |
| 13:35 | Construir | Market |
| 14:00 | Crear | Villager (Male) |
| 14:13 | Construir | Blacksmith |
| 14:26 | Crear | Villager (Male) |
| 14:54 | Investigar | Castle Age |
| 14:54 | Investigar | Castle Age |
| 14:57 | Construir | Barracks |
| 15:38 | Investigar | Fletching |
| 15:38 | Investigar | Fletching |
| 15:43 | Construir | Lumber Camp |
| 15:58 | Construir | Archery Range |
| 16:19 | Construir | Archery Range |
| 16:33 | Construir | House |
| 16:34 | Construir | House |
| 16:46 | Construir | House |
| 16:48 | Construir | House |
| 16:49 | Construir | House |
| 17:21 | Crear | Villager (Male) |
| 17:26 | Construir | Stable |
| 17:34 | Edad | Edad de los Castillos |
| 17:35 | Crear | Unit 1952 |
| 17:35 | Crear | Unit 1952 |
| 17:42 | Construir | Monastery |
| 17:51 | Investigar | Bow Saw |
| 17:51 | Investigar | Bow Saw |
| 17:51 | Crear | Villager (Male) |
| 18:01 | Construir | Lumber Camp |
| 18:06 | Crear | Villager (Male) |
| 18:18 | Crear | Villager (Male) |
| 18:19 | Crear | Unit 1952 |
| 18:19 | Crear | Unit 1952 |
| 18:28 | Crear | Villager (Male) |
| 18:41 | Crear | Villager (Male) |
| 18:52 | Crear | Unit 1952 |
| 18:52 | Crear | Unit 1952 |
| 19:01 | Investigar | Heavy Plow |
| 19:01 | Investigar | Heavy Plow |
| 19:12 | Crear | Monk |
| 19:12 | Crear | Monk |
| 19:28 | Crear | Villager (Male) |
| 19:32 | Construir | Town Center |
| 19:45 | Investigar | Wheelbarrow |
| 19:46 | Investigar | Wheelbarrow |
| 20:09 | Crear | Monk |
| 20:26 | Construir | Town Center |
| 20:28 | Crear | Villager (Male) |
| 20:30 | Construir | Lumber Camp |
| 20:33 | Construir | Farm |
| 20:34 | Construir | Farm |
| 20:36 | Construir | Farm |
| 20:37 | Construir | Farm |
| 20:38 | Crear | Villager (Male) |
| 20:56 | Crear | Monk |
| 21:04 | Crear | Villager (Male) |
| 21:05 | Construir | Farm |
| 21:05 | Construir | Farm |
| 21:05 | Construir | Farm |
| 21:05 | Construir | Farm |
| 21:13 | Construir | Farm |
| 21:16 | Construir | Farm |
| 21:17 | Construir | Farm |
| 21:18 | Construir | Farm |
| 21:46 | Crear | Villager (Male) |
| 21:46 | Crear | Villager (Male) ×2 |
| 21:53 | Investigar | Stone Mining |
| 21:53 | Investigar | Stone Mining |
| 21:53 | Investigar | Stone Mining |
| 21:57 | Crear | Villager (Male) |
| 21:57 | Crear | Villager (Male) |
| 21:58 | Crear | Villager (Male) |
| 22:00 | Construir | Farm |
| 22:02 | Construir | Farm |
| 22:04 | Construir | Farm |
| 22:08 | Crear | Villager (Male) ×2 |
| 22:13 | Construir | Farm |
| 22:14 | Construir | Farm |
| 22:14 | Construir | Farm |
| 22:29 | Crear | Villager (Male) |
| 22:34 | Crear | Villager (Male) |
| 22:46 | Crear | Villager (Male) |
| 22:54 | Crear | Villager (Male) |
| 22:54 | Crear | Villager (Male) |
Build order — Ustad
Primeras 150 de 660 acciones detectadas
| 0:00 | Crear | Villager (Male) ×4 |
| 0:01 | Crear | Villager (Male) ×4 |
| 0:02 | Construir | House |
| 0:02 | Construir | House |
| 1:32 | Crear | Villager (Male) |
| 1:32 | Crear | Villager (Male) |
| 1:32 | Crear | Villager (Male) |
| 1:47 | Crear | Villager (Male) |
| 1:47 | Crear | Villager (Male) |
| 1:47 | Crear | Villager (Male) |
| 1:50 | Construir | Lumber Camp |
| 2:16 | Crear | Villager (Male) |
| 2:16 | Crear | Villager (Male) |
| 2:40 | Crear | Villager (Male) |
| 2:41 | Crear | Villager (Male) |
| 2:41 | Crear | Villager (Male) |
| 3:03 | Crear | Villager (Male) |
| 3:20 | Crear | Villager (Male) |
| 3:21 | Crear | Villager (Male) |
| 3:58 | Construir | House |
| 4:01 | Crear | Villager (Male) |
| 4:01 | Crear | Villager (Male) |
| 4:02 | Crear | Villager (Male) |
| 4:15 | Crear | Villager (Male) |
| 4:15 | Crear | Villager (Male) |
| 4:52 | Construir | Barracks |
| 4:56 | Crear | Villager (Male) ×2 |
| 4:57 | Crear | Villager (Male) ×2 |
| 5:17 | Construir | House |
| 5:32 | Crear | Villager (Male) ×2 |
| 5:32 | Crear | Villager (Male) ×2 |
| 5:42 | Construir | Palisade Wall |
| 5:44 | Construir | Palisade Wall |
| 5:54 | Crear | Militia ×2 |
| 6:15 | Construir | Palisade Wall |
| 6:16 | Investigar | Loom |
| 6:24 | Crear | Militia |
| 6:41 | Crear | Villager (Male) |
| 6:57 | Construir | House |
| 6:58 | Crear | Villager (Male) |
| 6:58 | Crear | Villager (Male) |
| 7:27 | Crear | Villager (Male) |
| 7:27 | Crear | Villager (Male) |
| 7:38 | Construir | Pasture |
| 7:40 | Construir | Pasture |
| 7:40 | Crear | Villager (Male) |
| 8:07 | Construir | Pasture |
| 8:28 | Construir | Palisade Wall |
| 8:30 | Crear | Villager (Male) |
| 9:02 | Crear | Villager (Male) |
| 9:18 | Construir | House |
| 9:33 | Construir | Pasture |
| 9:35 | Construir | Mill |
| 9:37 | Crear | Villager (Male) |
| 9:42 | Construir | Palisade Wall |
| 9:46 | Construir | Palisade Wall |
| 10:00 | Crear | Villager (Male) |
| 10:34 | Crear | Villager (Male) |
| 10:36 | Construir | Pasture |
| 10:56 | Construir | House |
| 10:58 | Construir | House |
| 11:02 | Crear | Villager (Male) |
| 11:04 | Construir | Pasture |
| 11:21 | Construir | House |
| 11:42 | Investigar | Feudal Age |
| 11:42 | Investigar | Feudal Age |
| 11:42 | Investigar | Feudal Age |
| 11:49 | Construir | Palisade Wall |
| 11:50 | Construir | Palisade Wall |
| 11:57 | Construir | Palisade Wall |
| 12:09 | Construir | House |
| 12:20 | Construir | House |
| 12:28 | Construir | Palisade Wall |
| 12:34 | Construir | Pasture |
| 12:41 | Construir | Pasture |
| 12:50 | Construir | Palisade Wall |
| 13:07 | Construir | Palisade Wall |
| 13:11 | Construir | Palisade Wall |
| 13:13 | Construir | Palisade Wall |
| 13:28 | Construir | Mining Camp |
| 13:39 | Construir | Palisade Wall |
| 13:40 | Construir | Palisade Wall |
| 13:42 | Construir | Palisade Wall |
| 13:52 | Crear | Villager (Male) |
| 13:52 | Edad | Edad Feudal |
| 14:13 | Construir | Stable |
| 14:23 | Construir | Stone Wall |
| 14:26 | Construir | Stone Wall |
| 14:27 | Construir | Stone Wall |
| 14:28 | Construir | Stone Wall |
| 14:30 | Crear | Villager (Male) |
| 14:40 | Construir | Stone Wall |
| 14:42 | Construir | Stone Wall |
| 14:49 | Construir | Stone Wall |
| 14:50 | Crear | Villager (Male) |
| 14:51 | Crear | Villager (Male) |
| 15:00 | Construir | Market |
| 15:22 | Construir | Stone Wall |
| 15:24 | Construir | Stone Wall |
| 15:28 | Crear | Villager (Male) |
| 15:33 | Construir | Stone Wall |
| 15:41 | Construir | Blacksmith |
| 16:06 | Investigar | Double-Bit Axe |
| 16:18 | Investigar | Castle Age |
| 16:18 | Investigar | Castle Age |
| 16:35 | Investigar | Tech 1014 |
| 16:35 | Investigar | Tech 1014 |
| 17:00 | Crear | Scout Cavalry |
| 17:07 | Construir | Lumber Camp |
| 17:27 | Construir | Stone Wall |
| 17:30 | Construir | Palisade Wall |
| 17:43 | Investigar | Forging |
| 17:45 | Crear | Villager (Male) |
| 17:59 | Crear | Scout Cavalry |
| 17:59 | Crear | Scout Cavalry |
| 18:23 | Crear | Villager (Male) |
| 18:31 | Construir | Mining Camp |
| 18:42 | Construir | House |
| 18:58 | Edad | Edad de los Castillos |
| 19:04 | Construir | Town Center |
| 19:12 | Investigar | Bow Saw |
| 19:22 | Crear | Villager (Male) |
| 19:41 | Construir | Stone Wall |
| 19:43 | Crear | Villager (Male) |
| 19:51 | Construir | Siege Workshop |
| 20:07 | Construir | Siege Workshop |
| 20:07 | Crear | Villager (Male) ×5 |
| 20:36 | Crear | Iron Pagoda |
| 20:49 | Crear | Villager (Male) |
| 21:02 | Crear | Villager (Male) ×5 |
| 21:18 | Construir | Town Center |
| 21:37 | Investigar | Wheelbarrow |
| 21:47 | Crear | Villager (Male) |
| 21:55 | Crear | Villager (Male) ×3 |
| 22:07 | Construir | Pasture |
| 22:10 | Crear | Villager (Male) ×2 |
| 22:24 | Construir | Pasture |
| 22:44 | Crear | Villager (Male) ×3 |
| 22:52 | Construir | Pasture |
| 22:53 | Crear | Villager (Male) |
| 22:53 | Crear | Villager (Male) |
| 23:01 | Crear | Villager (Male) |
| 23:01 | Crear | Villager (Male) |
| 23:02 | Crear | Villager (Male) |
| 23:15 | Crear | Villager (Male) |
| 23:15 | Crear | Villager (Male) |
| 23:19 | Construir | Pasture |
| 23:24 | Crear | Villager (Male) |
| 23:24 | Crear | Villager (Male) |
| 23:27 | Construir | Pasture |
Cronología de la partida
| 4:52 | Ustad · first_building Barracks |
| 5:42 | Ustad · wall_segment Palisade Wall x2 |
| 5:44 | Ustad · wall_segment Palisade Wall x4 |
| 6:15 | Ustad · wall_segment Palisade Wall x8 |
| 6:36 | VIT | Hera · wall_segment Palisade Wall x5 |
| 6:38 | VIT | Hera · wall_segment Palisade Wall x3 |
| 7:06 | VIT | Hera · wall_segment Palisade Wall x13 |
| 7:12 | VIT | Hera · wall_segment Palisade Wall x1 |
| 8:28 | Ustad · wall_segment Palisade Wall x7 |
| 8:58 | VIT | Hera · age_up feudal |
| 9:42 | Ustad · wall_segment Palisade Wall x10 |
| 9:46 | Ustad · wall_segment Palisade Wall x11 |
| 11:35 | VIT | Hera · wall_segment Palisade Wall x1 |
| 11:49 | Ustad · wall_segment Palisade Wall x2 |
| 11:50 | Ustad · wall_segment Palisade Wall x2 |
| 11:57 | Ustad · wall_segment Palisade Wall x10 |
| 12:28 | Ustad · wall_segment Palisade Wall x1 |
| 12:50 | Ustad · wall_segment Palisade Wall x4 |
| 13:07 | Ustad · wall_segment Palisade Wall x1 |
| 13:11 | Ustad · wall_segment Palisade Wall x2 |
| 13:13 | Ustad · wall_segment Palisade Wall x5 |
| 13:39 | Ustad · wall_segment Palisade Wall x2 |
| 13:40 | Ustad · wall_segment Palisade Wall x1 |
| 13:42 | Ustad · wall_segment Palisade Wall x3 |
| 13:52 | Ustad · age_up feudal |
| 14:13 | Ustad · first_building Stable |
| 14:23 | Ustad · wall_segment Stone Wall x4 |
| 14:26 | Ustad · wall_segment Stone Wall x6 |
| 14:27 | Ustad · wall_segment Stone Wall x2 |
| 14:28 | Ustad · wall_segment Stone Wall x1 |
| 14:30 | VIT | Hera · first_market_buy 100 food |
| 14:40 | Ustad · wall_segment Stone Wall x10 |
| 14:42 | Ustad · wall_segment Stone Wall x1 |
| 14:49 | Ustad · wall_segment Stone Wall x12 |
| 14:57 | VIT | Hera · first_building Barracks |
| 15:22 | Ustad · wall_segment Stone Wall x4 |
| 15:24 | Ustad · wall_segment Stone Wall x6 |
| 15:33 | Ustad · wall_segment Stone Wall x8 |
| 15:58 | VIT | Hera · first_building Archery Range |
| 16:13 | Ustad · first_market_sell 100 food |
| 17:26 | VIT | Hera · first_building Stable |
| 17:27 | Ustad · wall_segment Stone Wall x1 |
| 17:30 | Ustad · wall_segment Palisade Wall x1 |
| 17:34 | VIT | Hera · age_up castle |
| 17:42 | VIT | Hera · first_building Monastery |
| 18:58 | Ustad · age_up castle |
| 19:01 | Ustad · first_market_buy 100 stone |
| 19:41 | Ustad · wall_segment Stone Wall x1 |
| 19:51 | Ustad · first_building Siege Workshop |
| 25:19 | Ustad · first_building Castle |
| 28:10 | VIT | Hera · first_building Castle |
| 30:21 | Ustad · age_up imperial |
| 31:03 | VIT | Hera · age_up imperial |
| 32:47 | VIT | Hera · first_building Siege Workshop |
| 45:44 | VIT | Hera · first_market_sell 500 food |
| 48:45 | Ustad · wall_segment Stone Wall x11 |
| 52:27 | Ustad · wall_segment Stone Wall x9 |
| 57:13 | Ustad · wall_segment Stone Wall x1 |
| 60:24 | Ustad · wall_segment Palisade Wall x1 |
| 67:33 | Ustad · resign |
[ ANÁLISIS IA · 1 CRÉDITO ]
¿Qué pasó realmente en esta partida?
Wolo.gg analiza cada decisión: build order, eco, micro, errores típicos por bracket. Análisis personalizado por WhatsApp o Discord en 30 segundos.
Guía civ
Wei
Perfil
Jugador #199325